AoeStats
← Michael

Pilgrims

509575971Analyzed
3v3 RM · 6d ago on Sep 27, 2026· 35m 10s· 6 players
Game mode
Random Map
Map size
Normal (6 player)
Population
200
Speed
Normal
Resources
Standard
Victory
Conquest
Starting age
Dark Age
Ending age
Imperial Age
RankedLock teamsTeams togetherTeam positionsShared explorationLock speedFull tech treeHidden civsTurbo modeCheats
Victory
Defeat
🇪🇸 Celts · Spain
1151
+15
🇺🇸 Varangians · United States
1100
+17
🇬🇧 Franks · United Kingdom
1098
+17
🇫🇷 Portuguese · France
1141
-18
🇹🇷 Persians · Türkiye
1123
-30
🇩🇪 Italians · Germany
1100
-15
NUTAS
6:15 Loom
14:02 Feudal Age
15:53 Wheelbarrow
16:32 Horse Collar
24:01 Double-Bit Axe
34:35 Castle Age
Von
4:21 Loom
12:16 Feudal Age
12:58 Double-Bit Axe
19:34 Fletching
22:39 Castle Age
21:41 Wheelbarrow
21:05 Stone Mining
23:35 Bodkin Arrow
25:33 Medium Warships
27:10 Fishing Lines
28:23 Masonry
28:25 Fortified Wall
29:30 Forging
30:35 Treadmill Crane
33:39 Hand Cart
Michael
5:28 Loom
11:46 Feudal Age
12:44 Double-Bit Axe
14:30 Fletching
16:17 Wheelbarrow
15:51 Padded Archer Armor
17:36 Horse Collar
22:22 Castle Age
23:05 Crossbowman
24:49 Bodkin Arrow
25:08 Thumb Ring
26:07 Hand Cart
27:54 Bow Saw
28:40 Ballistics
29:28 Town Watch
30:39 Murder Holes
31:06 Leather Archer Armor
36:11 Imperial Age
35:49 Silk Road
droger144
10:45 Feudal Age
9:03 Loom
15:49 Wheelbarrow
15:00 Town Watch
17:57 Double-Bit Axe
20:12 Man-at-Arms
23:44 Castle Age
22:12 Horse Collar
23:23 Bloodlines
23:52 Scale Barding Armor
23:58 Forging
24:49 Hand Cart
24:35 Town Patrol
25:31 Chain Barding Armor
27:06 Iron Casting
29:36 Heavy Plow
31:44 Husbandry
32:13 Fletching
32:56 Bodkin Arrow
Jarcoz
5:24 Loom
11:21 Feudal Age
17:24 Castle Age
16:58 Stone Mining
21:28 Scale Mail Armor
27:19 Wheelbarrow
26:31 Town Watch
26:46 Double-Bit Axe
29:41 Horse Collar
37:19 Imperial Age
leeroy kentins
4:23 Loom
11:30 Feudal Age
12:07 Man-at-Arms
13:15 Double-Bit Axe
13:30 Arson
14:01 Forging
15:37 Fletching
23:49 Castle Age
22:25 Stone Mining
25:54 Long Swordsman
26:59 Bodkin Arrow
Connection lost

Rejoining the realm…

Still unreachable

The connection could not be restored.

Session expired

The server has moved on; the page needs a fresh start.